cohdb
Replays
Latest Replays
All Replays
Popular Replays
Top Player Replays
Match Explorer
How It Works
Community
CoH3 Stats
Reddit
Sign in to upload your games and track your stats! →
Sign in with Steam
Match 42537993
Unlisted
Match 42537993
Overview
Messages
Build Orders
End
Selects Italian Combined Arms Battlegroup
Selects Bersaglieri Squad
Bersaglieri Squad
Bersaglieri Squad
Bersaglieri Squad
Construct Light Support Kompanie
MG34 Team
Selects Bersaglieri Bolster
Bersaglieri Squad
Selects Breda Model 30 Light Machine Guns
Fire Support Elements
Flakvierling Half-track
Vehicle Survival Package
Pak 38 Mechanized Group
Selects Semovente da 75/18 Assault Gun
Flakvierling Half-track
Selects Strafing Run
le.IG 18 Support Gun Team
Captain Feather Sword
MuhKuh
Onoyk
Plaka
0
0
Comments
sign in to comment!
No comments posted yet!